Map: Romanticide LE

Players

Hellraiser

  • Race: Protoss Protoss

MarineLorD - Winner!

  • Race: Terran Terran
  • League: Master

Event: DreamHack SC2 Masters 2021 Winter

VOD

Have the link to the VOD?

Description

Time

  • Played on: Oct. 7, 2021, 12:12 p.m.
  • Length: 5:27

All games in this series

Show
View Real Time Build Order
Export as new Build Order

Hellraiser Protoss 

Build Orders: 1 Gate Expand, Dark Templar Rush 

Get SALT Encoding   

  12  0:00  Probe  
  13  0:12  Probe  
  14  0:16  Pylon  
  14  0:24  Probe (Chrono Boost)  
  16  0:36  Gateway, Probe (Chrono Boost)  
  16  0:42  Probe (Chrono Boost)  
  16  0:45  Assimilator  
  17  0:50  Probe  
  18  1:03  Probe  
  19  1:15  Probe  
  20  1:23  Cybernetics Core  
  20  1:32  Nexus  
  20  1:40  Pylon  
  20  1:42  Probe  
  21  1:50  Assimilator  
  21  1:54  Probe  
  21  1:56  Adept (Chrono Boost)  
  21  2:00  Warp Gate  
  24  2:06  Probe (Chrono Boost)  
  26  2:16  Probe (Chrono Boost)  
  26  2:20  Twilight Council  
  26  2:21  Probe (Chrono Boost)  
  26  2:27  Adept  
  29  2:33  Probe (Chrono Boost)  
  30  2:44  Probe (Chrono Boost)  
  30  2:51  Probe (Chrono Boost)  
  32  2:53  Probe (Chrono Boost)  
  32  2:57  Robotics Facility  
  32  2:58  Probe x2 (Chrono Boost)  
  35  3:08  Dark Shrine  
  35  3:10  Probe x2  
  37  3:15  Gateway  
  37  3:21  Gateway  
  37  3:22  Probe  
  37  3:24  Probe  
  39  3:31  Pylon  
  39  3:33  Assimilator  
  41  3:43  Warp Prism (Chrono Boost)  
  41  3:44  Shield Battery  
  41  3:49  Probe  
  41  3:50  Probe  
  43  3:57  Stalker  
  43  4:01  Probe  
  43  4:02  Probe  
  45  4:10  Pylon  
  45  4:12  Observer  
  45  4:14  Probe (Chrono Boost)  
  45  4:16  Probe (Chrono Boost)  
  49  4:26  Nexus, Probe (Chrono Boost)  
  49  4:28  Probe (Chrono Boost)  
  49  4:30  Probe (Chrono Boost)  
  52  4:40  Dark Templar x2  
  52  4:42  Dark Templar  
  57  4:47  Assimilator  
  57  4:50  Probe x2  
  59  5:02  Probe  
  59  5:03  Probe  
  57  5:08  Shield Battery  
  57  5:15  Probe  
  57  5:17  Dark Templar  
Show
View Real Time Build Order
Export as new Build Order

MarineLorD Terran - Winner!

Build Orders:  

Get SALT Encoding   

  12  0:00  SCV  
  13  0:12  SCV  
  14  0:16  Supply Depot  
  14  0:24  SCV  
  15  0:38  SCV  
  15  0:40  Barracks  
  16  0:44  Refinery  
  16  0:50  SCV  
  17  1:02  SCV  
  18  1:14  SCV  
  19  1:26  Marine  
  19  1:27  Orbital Command  
  20  1:43  Command Center  
  20  1:47  Barracks Reactor  
  20  1:52  SCV  
  21  2:03  Supply Depot  
  21  2:05  SCV  
  22  2:08  Barracks  
  22  2:17  SCV  
  22  2:21  Barracks  
  23  2:24  Marine x2  
  23  2:29  SCV  
  26  2:31  Bunker  
  26  2:41  SCV  
  26  2:42  Marine x2  
  29  2:53  SCV  
  29  2:55  Orbital Command  
  29  2:56  Barracks Tech Lab  
  30  2:59  Marine x2  
  30  3:05  SCV  
  33  3:09  Barracks Tech Lab  
  33  3:15  Marine  
  33  3:17  Stimpack, Marine x2  
  33  3:19  SCV  
  37  3:21  SCV  
  37  3:25  Supply Depot  
  38  3:30  Marine  
  38  3:31  SCV  
  38  3:33  SCV, Marine  
  42  3:36  Marine x2  
  42  3:39  Combat Shield  
  44  3:43  SCV  
  44  3:44  Supply Depot  
  44  3:47  SCV  
  46  3:50  Marine x2  
  46  3:53  Marine  
  50  3:55  SCV  
  50  3:59  SCV  
  50  4:02  Engineering Bay  
  51  4:03  Marine  
  51  4:06  Refinery  
  51  4:07  SCV  
  51  4:09  Supply Depot  
  53  4:11  Marine x2  
  53  4:12  SCV  
  53  4:13  Marine  
  57  4:19  SCV  
  57  4:21  Marine  
  59  4:24  Factory, SCV  
  59  4:31  Marine x3  
  62  4:32  SCV  
  62  4:36  SCV  
  62  4:38  Missile Turret  
  64  4:41  Supply Depot, Refinery  
  64  4:44  Marine  
  65  4:46  SCV  
  65  4:48  Marine  
  65  4:50  Marine x2  
  69  4:55  Supply Depot  
  69  5:00  SCV  

Tags
 
Add a new tag
Caveats
  • Supply blocks, unpowered buildings, or Contaminate may cause inaccurate times.
  • Supply counts are checked every 10 seconds.